 Dungeon Crawl Stone Soup version 0.30.1-11-g7821555f0a (webtiles) character file.

Game seed: 8372342485751352815

8157 Destapler the Protected (level 11, -7/97 HPs)
             Began as a Minotaur Fighter on Dec 16, 2023.
             Was a High Priest of Okawaru.
             Mangled by Fannar
             ... wielding a +0 quarterstaff of freezing
              (11 damage)
             ... on level 10 of the Dungeon.
             The game lasted 00:39:08 (10849 turns).

Destapler the Protected (Minotaur Fighter)         Turns: 10849, Time: 00:39:09

Health: -7/97      AC: 11    Str: 23    XL:     11   Next: 6%
Magic:  16/16      EV: 11    Int:  5    God:    Okawaru [*****.]
Gold:   539        SH:  5    Dex: 12    Spells: 10/10 levels left

rFire   + + .        b - +9 falchion "Xuduzil" {heavy, rPois rC+ rN+}
rCold   + + .        (no shield)
rNeg    + . .        m - +2 scale mail {rC+}
rPois   +            (helmet unavailable)
rElec   .            (no cloak)
rCorr   .            (no gloves)
SInv    .            t - +0 pair of boots
Will    .....        e - amulet of reflection Stlth
                     o - ring of Pyed {Wiz rF+}
HPRegen 0.36/turn    y - ring of flight
MPRegen 0.15/turn

%: reflection, wizardry (x1)
@: flying
A: horns 3, retaliatory headbutt, fire resistance 1
a: Renounce Religion, Heroism, Finesse, Duel


You were on level 10 of the Dungeon.
You worshipped Okawaru.
Okawaru was extremely pleased with you.
You visited 1 branch of the dungeon, and saw 10 of its levels.
You also visited: Ossuary.

You collected 539 gold pieces.

Inventory:

Hand Weapons
 a - the +6 arbalest of Circularity {freeze, rElec Will+}
   (Okawaru gifted it to you on level 9 of the Dungeon)

   rElec:     It insulates you from electricity.
   Will:      It increases your willpower.
 b - the +9 falchion "Xuduzil" (weapon) {heavy, rPois rC+ rN+}
   (You found it on level 9 of the Dungeon)

   rC:        It protects you from cold.
   rPois:     It protects you from poison.
   rN:        It protects you from negative energy.
Armour
 l - a +0 cloak
 m - a +2 scale mail of cold resistance (worn)
 n - +0 acid dragon scales
 t - a +0 pair of boots (worn)
 x - +1 ice dragon scales
 F - +0 fire dragon scales
Jewellery
 e - an amulet of reflection (around neck)
 o - the ring of Pyed (left hand) {Wiz rF+}
   (You found it on level 8 of the Dungeon)

   [ring of wizardry]

   It improves your spell success rate.
   rF:        It protects you from fire.
 y - a ring of flight (right hand)
 A - a ring of protection from cold
 H - a ring of protection from fire
Wands
 r - a wand of acid (5)
 z - a wand of paralysis (5)
 B - a wand of polymorph (7)
 E - a wand of flame (14)
Scrolls
 d - a scroll of fog
 h - a scroll of blinking
 i - 4 scrolls of poison
 j - 5 scrolls of teleportation
 q - a scroll of enchant armour
 u - 3 scrolls of fear
Potions
 c - a potion of invisibility {unknown}
 f - 6 potions of curing
 g - 2 potions of brilliance {unknown}
 k - 2 potions of haste
 s - a potion of ambrosia {unknown}
 v - 2 potions of attraction
 w - 2 potions of lignification
 C - a potion of berserk rage {unknown}
 D - a potion of might


   Skills:
 + Level 9.0 Fighting
 * Level 6.6 Long Blades
 - Level 6.0 Maces & Flails
 * Level 3.8 Ranged Weapons
 + Level 9.0 Armour
 + Level 4.3 Dodging
 + Level 1.0 Stealth
 - Level 8.8 Shields
 + Level 8.2 Invocations
 + Level 1.0 Evocations


You had 10 spell levels left.
You didn't know any spells.
Your spell library contained the following spells:

 Spells                   Type           Power      Damage    Failure   Level
 Blink                    Tloc           0%         N/A       54%         2
 Lesser Beckoning         Tloc           0%         N/A       54%         2
 Momentum Strike          Conj/Tloc      0%         3d8       54%         2
 Sublimation of Blood     Necr           0%         N/A       54%         2
 Wereblood                Tmut           0%         N/A       54%         2
 Blade Hands              Tmut           0%         N/A       100%        5
 Iron Shot                Conj/Erth      0%         9d1       100%        6
 Orb of Destruction       Conj           0%         9d5       100%        7
 Summon Guardian Golem    Hex/Summ       Unusable   N/A       N/A         3
 Animate Armour           Summ/Erth      Unusable   N/A       N/A         4
 Spellforged Servitor     Conj/Summ      Unusable   N/A       N/A         7
 Summon Hydra             Summ           Unusable   N/A       N/A         7

Dungeon Overview and Level Annotations

Branches:
Dungeon (10/15)            Temple (0/1) D:6         Ossuary (visited)
   Lair: D:8-11         Orc: D:9-12

Altars:
Ashenzari
Dithmenos
Elyvilon
Fedhas
Gozag
Kikubaaqudgha
Makhleb
Okawaru
Ru
Sif Muna
Uskayaw
Xom
Zin

Shops:
D:5 *   D:7 =

Annotations:
D:10 Fannar


Innate Abilities, Weirdness & Mutations

You have a pair of large horns on your head.
You reflexively headbutt those who attack you in melee.
Your flesh is heat resistant. (rF+)


Message History

The bolt of cold hits you! You resist.
* * * LOW HITPOINT WARNING * * *
The ice beast hits you.
* * * LOW HITPOINT WARNING * * *
The ice beast freezes you. You resist.
* * * LOW HITPOINT WARNING * * *
Fannar closely misses you.
The ice beast hits you but does no damage.
You hit Fannar. Your headbutt misses Fannar.
Fannar is almost dead.
Fannar gestures wildly while chanting.
Fannar drains the heat from the surrounding environment!
You resist.
* * * LOW HITPOINT WARNING * * *
The ice beast hits you but does no damage.
You slash Fannar!
Fannar is almost dead.
Fannar casts a spell at you. The bolt of cold hits you. You resist.
* * * LOW HITPOINT WARNING * * *
The ice beast hits you but does no damage.
Fannar hits you with a +0 quarterstaff of freezing.
* * * LOW HITPOINT WARNING * * *
The ice beast hits you but does no damage.
You closely miss Fannar.
Fannar is almost dead.
Fannar gestures wildly while chanting.
Fannar drains the heat from the surrounding environment!
You resist.
* * * LOW HITPOINT WARNING * * *
The ice beast barely misses you. You furiously retaliate!
You headbutt the ice beast!
You kill the ice beast!
The ice beast disappears in a puff of smoke!
You miss Fannar. Your headbutt misses Fannar.
Fannar is almost dead.
Fannar hits you but does no damage.
Fannar says, "An icy embrace awaits you..."
Fannar hits you with a +0 quarterstaff of freezing!
You die...

#..............+......
#..###########.#......
#..#.........+.#......
#..##........#.####...
#...#........#....####
#...#........#....>...
#...#........#........
#...#........#........
#...#@)......#........
##...#e########........
#......................
#...#####.#############
#...# #.#........ ...
#...# #.#........ ...
#...# #.'........ ...
#...# #.#........ ...
#...# #.#........ ...


You could see Fannar.

Vanquished Creatures
  A fire dragon (D:9)
  Erolcha (D:10)
  A two-headed ogre (D:7)
  A komodo dragon (D:8)
  2 trolls (D:9)
  2 wyverns (D:9)
  8 yaks
  A vampire (D:10)
  2 steam dragons
  An acid dragon (D:8)
  4 water moccasins
  A black bear (D:4)
  3 orc warriors
  2 centaurs
  A bullfrog (D:7)
  2 gnoll sergeants
  3 scorpions
  20 wights
  2 electric eels (D:10)
  4 howler monkeys
  A centaur zombie (Ossuary)
  A hound (D:6)
  3 human zombies (Ossuary)
  2 gnoll boudas
  5 orc priests
  A sleepcap (D:5)
  4 iguanas
  5 orc wizards
  Terence (D:2)
  5 mummies (Ossuary)
  10 gnolls
  6 adders
  2 white imps
  2 ufetubi (D:5)
  A worm (D:4)
  3 dart slugs
  51 orcs
  7 bats
  2 endoplasms
  11 giant cockroaches
  9 goblins
  6 hobgoblins
  2 jackals (D:1)
  13 kobolds
  A quokka (D:2)
  2 ball pythons (D:1)
  2 frilled lizards
  A goblin zombie (Ossuary)
  A hobgoblin zombie (Ossuary)
  2 kobold zombies (Ossuary)
  A quokka zombie (D:6)
  9 rats
  A rat zombie (D:6)
235 creatures vanquished.

Vanquished Creatures (others)
  A kobold brigand (D:10)
1 creature vanquished.

Grand Total: 236 creatures vanquished

Notes
Turn   | Place    | Note
-------+----------+-------------------------------------------
     0 | D:1      | Destapler the Minotaur Fighter began the quest for the Orb.
     0 | D:1      | Reached XP level 1. HP: 19/19 MP: 0/0
   139 | D:1      | Reached XP level 2. HP: 23/27 MP: 1/1
   352 | D:1      | Reached skill level 1 in Ranged Weapons
   559 | D:2      | Reached XP level 3. HP: 33/33 MP: 2/2
   570 | D:2      | Found a faded altar of an unknown god.
   579 | D:2      | Prayed at the altar of an unknown god.
   579 | D:2      | Became a worshipper of Warmaster Okawaru
   579 | D:2      | Reached * piety under Okawaru
   806 | D:2      | Reached skill level 1 in Maces & Flails
  1069 | D:2      | Reached skill level 1 in Invocations
  1213 | D:2      | Noticed Terence
  1219 | D:2      | Killed Terence
  1220 | D:2      | Reached XP level 4. HP: 27/40 MP: 3/3
  1785 | D:3      | Found a shimmering altar of Xom.
  1786 | D:3      | Found a shadowy altar of Dithmenos.
  1787 | D:3      | Found a shimmering blue altar of Sif Muna.
  1787 | D:3      | Found an ancient bone altar of Kikubaaqudgha.
  1787 | D:3      | Found a sacrificial altar of Ru.
  1788 | D:3      | Found a white marble altar of Elyvilon.
  1789 | D:3      | Found a broken altar of Ashenzari.
  2195 | D:3      | Reached XP level 5. HP: 46/46 MP: 5/5
  2559 | D:4      | Noticed a black bear
  2575 | D:4      | Killed a black bear
  2576 | D:4      | Reached XP level 6. HP: 34/52 MP: 5/7
  2735 | D:4      | Reached ** piety under Okawaru
  2736 | D:4      | Reached skill level 1 in Dodging
  3352 | D:5      | Entered Level 5 of the Dungeon
  3486 | D:5      | Reached XP level 7. HP: 59/59 MP: 9/9
  3734 | D:5      | Found Wog Niof's Fire Supplies.
  4148 | D:6      | Reached skill level 5 in Maces & Flails
  4273 | D:6      | Found a sand-covered staircase.
  4280 | Ossuary  | Entered an ossuary
  4346 | Ossuary  | Reached skill level 5 in Invocations
  4693 | D:6      | Found a staircase to the Ecumenical Temple.
  4722 | D:6      | Reached XP level 8. HP: 19/66 MP: 11/11
  4933 | D:6      | Reached *** piety under Okawaru
  5655 | D:7      | Reached skill level 5 in Fighting
  5655 | D:7      | Reached skill level 5 in Armour
  5655 | D:7      | Reached skill level 5 in Shields
  5920 | D:7      | Found a glowing silver altar of Zin.
  6221 | D:7      | Reached XP level 9. HP: 67/72 MP: 12/12
  6598 | D:7      | Found Xaidol's Jewellery Shoppe.
  6624 | D:7      | Reached **** piety under Okawaru
  6779 | D:7      | Noticed a two-headed ogre
  6798 | D:7      | Killed a two-headed ogre
  6804 | D:7      | Gained mutation: You are robust. (+10% HP) [potion of
                  | mutation]
  6804 | D:7      | Gained mutation: Your body sometimes deteriorates upon
                  | taking damage. [potion of mutation]
  6804 | D:7      | Gained mutation: Your flesh is heat resistant. (rF+)
                  | [potion of mutation]
  6807 | D:7      | Lost mutation: You are robust. (+10% HP) [potion of
                  | mutation]
  6807 | D:7      | Lost mutation: Your body sometimes deteriorates upon taking
                  | damage. [potion of mutation]
  6807 | D:7      | Gained mutation: You have a pair of large horns on your
                  | head. [potion of mutation]
  7166 | D:8      | Noticed a komodo dragon
  7177 | D:8      | Killed a komodo dragon
  7656 | D:8      | Reached skill level 5 in Long Blades
  7659 | D:8      | HP: 2/79 [yak (10)]
  7667 | D:8      | Reached XP level 10. HP: 13/86 MP: 14/14
  7926 | D:8      | Found a blossoming altar of Fedhas.
  7947 | D:8      | Reached ***** piety under Okawaru
  8296 | D:8      | Identified the ring of Pyed {Wiz rF+}
  9025 | D:9      | Found a hide-covered altar of Uskayaw.
  9069 | D:9      | Identified the +7 falchion "Watuu" {pain, rPois rC+}
  9180 | D:9      | Found an opulent altar of Gozag.
  9218 | D:9      | Identified the +6 arbalest of Circularity {freeze, rElec
                  | Will+} (Okawaru gifted it to you on level 9 of the Dungeon)
  9218 | D:9      | Received a gift from Okawaru
  9505 | D:9      | Noticed a fire dragon
  9526 | D:9      | Killed a fire dragon
  9972 | D:9      | Identified the +9 falchion "Xuduzil" {heavy, rPois rC+ rN+}
 10058 | D:10     | Entered Level 10 of the Dungeon
 10188 | D:10     | Noticed Erolcha
 10209 | D:10     | Killed Erolcha
 10413 | D:10     | Found a burning altar of Makhleb.
 10593 | D:10     | Reached XP level 11. HP: 52/95 MP: 16/16
 10596 | D:10     | Reached skill level 1 in Stealth
 10596 | D:10     | Reached skill level 1 in Evocations
 10812 | D:10     | Noticed Fannar
 10847 | D:10     | HP: 4/97 [Fannar/+0 quarterstaff of freezing (4)]
 10849 | D:10     | Mangled by Fannar

Illustrated notes

Levels and vault maps discovered:
D:1:      lightli_arrival_chessboard, layout_rooms
D:2:      layout_basic, hellmonk_ecumenical_altar_crossroads,
          minmay_misc_feat_room, uniq_terence
D:3:      layout_loops_ring, grunt_temple_overflow_open, serial_aquarium,
          aquarium_bridge_square [aquarium_subvault_bridge,
          aquarium_subvault_bridge, aquarium_subvault_wall,
          aquarium_subvault_bridge], aquarium_window_corridor_3,
          aquarium_window_1, aquarium_window_1, aquarium_window_2,
          aquarium_view_2c, aquarium_pool_five
D:4:      layout_basic, serial_corexii_hall, corexii_hall_statues_l,
          chequers_hall_statues_corner_a
D:5:      layout_rooms, minmay_liquid_box, nicolae_shop_fire_sale
          [nicolae_sub_dead_trees]
D:6:      layout_cave_pods, temple_fountains, enter_ossuary_4,
          skrybe_limestone_x
D:7:      nicolae_cairo_tiling_large, layout_loops_cross,
          mainiacjoe_overflow_alcove_2, serial_shops, shop,
          hangedman_decor_opposing
D:8:      layout_basic, fedhas_altar_1, grunt_ministairs_2
D:9:      dragon1_lemuel, layout_loops_ring, marbit_many_paths,
          mainiacjoe_overflow_concentric_impassable
D:10:     layout_irregular_city, grunt_temple_overflow_holy_war,
          mainiacjoe_overflow_alcove_4, mainiacjoe_overflow_tiny_flanked,
          serial_bayou_lagoon_b, uniq_erolcha, uniq_fannar

Skill      XL: |  1  2  3  4  5  6  7  8  9 10 11 |
---------------+----------------------------------+-----
Ranged Weapons | 1 2 3 |  3.8
Shields        | 4 6 7 8 |  8.8
Fighting       | 4 6 7 8 9 |  9.0
Armour         | 4 6 7 9 |  9.0
Maces & Flails | 1 2 3 4 6 |  6.0
Invocations    | 1 3 4 5 6 7 8 |  8.2
Long Blades    | 3 5 6 |  6.6
Dodging        | 2 3 4 |  4.3
Stealth        | 1 |  1.0
Evocations     | 1 |  1.0

Action                     |  1- 3 |  4- 6 |  7- 9 | 10-12 || total
---------------------------+-------+-------+-------+-------++-------
  Melee: Long sword        |    51 |       |       |       ||    51
         Headbutt          |    10 |    22 |    80 |    35 ||   147
         Whip              |    35 |   129 |   310 |       ||   474
         Falchion          |       |       |    99 |   167 ||   266
         Great mace        |       |       |       |     4 ||     4
   Fire: Arbalest          |       |       |       |    59 ||    59
 Invoke: Heroism           |       |       |     3 |     2 ||     5
         Finesse           |       |       |     1 |     1 ||     2
    Use: Scroll            |       |       |    16 |     2 ||    18
         Potion            |       |       |     4 |     3 ||     7
 Armour: Scale mail        |    40 |    75 |   109 |    78 ||   302
  Dodge: Dodged            |    35 |    65 |   156 |   108 ||   364
  Block: Buckler           |    18 |    30 |   129 |    67 ||   244
         Other             |       |       |       |    19 ||    19
         Reflection        |       |       |       |     4 ||     4
